 Dungeon Crawl Stone Soup version 0.27-a0-901-g8736458e1e (webtiles) character file.

Game seed: 17262445917838770413

2750 DarkShadow the Cleaver (level 9, -1/79 HPs)
             Began as a Minotaur Fighter on Apr 6, 2021.
             Slain by an orc warrior
             ... wielding a +0 vampiric trident
              (4 damage)
             ... on level 7 of the Dungeon.
             The game lasted 00:18:39 (6144 turns).

DarkShadow the Cleaver (Minotaur Fighter)           Turns: 6144, Time: 00:18:39

Health: -1/79      AC: 13    Str: 28    XL:     9   Next: 41%
Magic:  8/8        EV:  7    Int:  5    God:
Gold:   401        SH: 14    Dex: 15    Spells: 8/8 levels left

rFire    + . .     SeeInvis .   e - +9 broad axe "Uliep" {vorpal, Drain rF+ Str+6 Dex+3}
rCold    . . .     Faith    .   c - +2 kite shield
rNeg     . . .     Spirit   .   z - +0 plate armour
rPois    .         Reflect  .   (helmet restricted)
rElec    .         Harm     .   (no cloak)
rCorr    +         Rampage  .   (no gloves)
Will     .....                  (no boots)
Stlth    ..........             (no amulet)
HPRegen  0.23/turn              h - ring of resist corrosion
MPRegen  0.11/turn              (no ring)

@: no status effects
A: horns 2, retaliatory headbutt
a: no special abilities


You were on level 7 of the Dungeon.
You visited 1 branch of the dungeon, and saw 7 of its levels.

You collected 401 gold pieces.

Inventory:

Hand Weapons
 a - a +1 war axe
 e - the +9 broad axe "Uliep" (weapon) {vorpal, Drain rF+ Str+6 Dex+3}
   (You acquired it on level 2 of the Dungeon)

   It inflicts extra damage upon your enemies.
   It affects your strength (+6).
   It affects your dexterity (+3).
   It protects you from fire.
   It drains your maximum health when unequipped.
 p - a +1 vorpal battleaxe
Missiles
 y - 5 boomerangs of dispersal (quivered)
Armour
 b - a +0 scale mail
 c - a +2 kite shield (worn)
 z - a +0 plate armour (worn)
 A - a +3 leather armour
Jewellery
 h - a ring of resist corrosion (left hand)
 t - a ring of protection from fire
 u - an amulet of the acrobat
Wands
 q - a wand of flame (20)
Scrolls
 k - 2 scrolls of blinking
 l - 2 scrolls of summoning
 m - a scroll of fog
 o - 3 scrolls of teleportation
 s - 5 scrolls of amnesia
 x - a scroll of magic mapping
Potions
 d - a potion of haste
 f - 2 potions of ambrosia
 g - 3 potions of attraction
 i - 2 potions of heal wounds
 j - 2 potions of flight
 n - a potion of invisibility
 r - 2 potions of lignification
 v - a potion of brilliance {unknown}
 w - 2 potions of curing {unknown}
 B - 2 potions of degeneration {unknown}


   Skills:
 + Level 7.0 Fighting
 + Level 10.2 Axes
 + Level 7.4 Armour
 + Level 3.3 Dodging
 + Level 1.2 Stealth
 + Level 7.4 Shields


You had 8 spell levels left.
You didn't know any spells.
Your spell library contained the following spells:

 Spells                   Type           Power      Damage    Failure   Level
 Magic Dart               Conj           0%         1d3       100%        1
 Blink                    Tloc           N/A        N/A       100%        2
 Call Imp                 Summ           0%         N/A       100%        2
 Slow                     Hex            0%         N/A       100%        2
 Conjure Flame            Conj/Fire      0%         6-21      100%        3
 Mephitic Cloud           Conj/Pois/Air  0%         N/A       100%        3


Dungeon Overview and Level Annotations

Branches:
Dungeon (7/15)
 Temple: D:4-7

Altars:
Ashenzari
Dithmenos
Elyvilon
Uskayaw
Xom
Zin


Innate Abilities, Weirdness & Mutations

You have a pair of horns on your head.
You reflexively headbutt those who attack you in melee.


Message History

There is a shadowy altar of Dithmenos here.
Found a stone staircase leading down.
Found a dagger.
Found 24 arrows.
An orc priest comes into view. It is wielding a +0 flail.
An orc warrior comes into view. It is wielding a +0 vampiric trident.
The orc priest shouts!
An orc comes into view. It is wielding a +0 flail.
The orc moves out of view.
The orc priest invokes the aid of Beogh against you.
Beogh smites you!
An orc wizard comes into view. It is wielding a +0 club.
The orc wizard shouts!
The orc priest looks satisfied for a moment.
You hit the orc priest. You headbutt the orc priest!
The orc priest is almost dead.
The orc warrior drinks a potion.
The orc warrior flickers and vanishes!
Deactivating autopickup; reactivate with Ctrl-A.
The orc priest invokes the aid of Beogh against you.
Pain shoots through your body!
The orc wizard roars loudly.
You slice the orc priest!!
You kill the orc priest!
Something hits you! x2
Something hits you but does no damage.
Things that are here:
a +0 flail; an orc corpse You hit something.
Your headbutt misses something.
The orc wizard casts a spell at itself.
The orc wizard flickers and vanishes!
Something hits you.
You hit something. Something hits you.
You slash something! Something hits you!
* * * LOW HITPOINT WARNING * * *
A magic dart appears from out of thin air!
The magic dart hits something.
You miss something. Something hits you!
* * * LOW HITPOINT WARNING * * *
You block something's attack.
You closely miss something. You headbutt something. Something hits you.
You die...

#.# #.#
#.# #.#
#.# #.#
#.#
##.#####.#
....o{{@.#
##.#######


You could see an orc.

Vanquished Creatures
  Pikel (D:6)
  The ghost of rayg00n the Ducker, a novice DjWz of Makhleb (D:6)
  An orc warrior (D:7)
  A sky beast (D:6)
  2 ogres
  A necrophage (D:6)
  A centaur (D:6)
  A lemure (D:6)
  A bullfrog (D:6)
  3 scorpions
  2 wyvern skeletons
  3 killer bees (D:7)
  A centaur zombie (D:6)
  3 bullfrog zombies
  A hound (D:4)
  3 jellies (D:6)
  A gnoll shaman (D:4)
  4 orc priests
  A bullfrog skeleton (D:4)
  An iguana (D:3)
  6 orc wizards
  A hound skeleton (D:5)
  8 adders
  5 gnolls
  A howler monkey skeleton (D:3)
  2 river rats (D:6)
  2 white imps
  An adder skeleton (D:4)
  2 worms
  A dart slug (D:3)
  19 orcs
  4 bats (D:1)
  5 endoplasms
  5 giant cockroaches
  9 goblins
  10 hobgoblins
  13 jackals
  2 kobolds (D:1)
  2 quokkas
  9 ball pythons
  3 frilled lizards (D:2)
  4 rats
147 creatures vanquished.

Vanquished Creatures (others)
  An orc wizard (D:5)
  2 plants (D:7)
3 creatures vanquished.

Grand Total: 150 creatures vanquished

Notes
Turn   | Place    | Note
-------+----------+-------------------------------------------
     0 | D:1      | DarkShadow the Minotaur Fighter began the quest for the
                  | Orb.
     0 | D:1      | Reached XP level 1. HP: 19/19 MP: 0/0
   158 | D:1      | Reached XP level 2. HP: 27/27 MP: 1/1
   424 | D:1      | Found a faded altar of an unknown god.
   551 | D:1      | Reached XP level 3. HP: 33/33 MP: 2/2
   821 | D:1      | Reached skill level 1 in Dodging
   904 | D:2      | Found a hide-covered altar of Uskayaw.
   937 | D:2      | Reached skill level 3 in Axes
  1346 | D:2      | Identified a scroll of acquirement
  1346 | D:2      | Acquired the +9 broad axe "Uliep" {vorpal, Drain rF+ Str+6
                  | Dex+3}
  1494 | D:2      | Reached XP level 4. HP: 40/40 MP: 3/3
  1755 | D:3      | Found a shimmering altar of Xom.
  1841 | D:3      | Reached skill level 4 in Axes
  1932 | D:3      | Reached XP level 5. HP: 31/47 MP: 4/4
  2248 | D:4      | Noticed an ogre
  2253 | D:4      | Killed an ogre
  2254 | D:4      | Reached skill level 5 in Axes
  2254 | D:4      | Reached XP level 6. HP: 29/53 MP: 5/5
  2984 | D:4      | Found a white marble altar of Elyvilon.
  3102 | D:4      | Found a broken altar of Ashenzari.
  3115 | D:4      | Found a hide-covered altar of Uskayaw.
  3240 | D:4      | Reached skill level 6 in Axes
  3240 | D:4      | Reached skill level 5 in Shields
  3391 | D:4      | Found a glowing silver altar of Zin.
  3610 | D:5      | Entered Level 5 of the Dungeon
  3623 | D:5      | Reached skill level 5 in Fighting
  3627 | D:5      | Reached skill level 5 in Armour
  3627 | D:5      | Reached XP level 7. HP: 51/61 MP: 6/6
  3979 | D:5      | Reached skill level 7 in Axes
  4584 | D:6      | Reached XP level 8. HP: 66/69 MP: 7/7
  4701 | D:6      | Noticed rayg00n's ghost (novice DjWz)
  4767 | D:6      | Found a runed translucent door.
  4776 | D:6      | Reached skill level 8 in Axes
  4832 | D:6      | Killed rayg00n's ghost
  4833 | D:6      | Reached skill level 9 in Axes
  4833 | D:6      | Reached skill level 1 in Stealth
  5107 | D:6      | Noticed Pikel
  5112 | D:6      | Killed Pikel
  5113 | D:6      | Reached XP level 9. HP: 55/78 MP: 8/8
  5652 | D:7      | Found a shadowy altar of Dithmenos.
  5661 | D:7      | Reached skill level 10 in Axes
  6143 | D:7      | HP: 2/79 [something (14)]
  6144 | D:7      | Slain by an orc warrior

Illustrated notes

Levels and vault maps discovered:
D:1:      amcnicky_arrival_gap_in_the_tavern_cellar, layout_rooms,
          basic_ecumenical_altar, palyth_stone_intersect
D:2:      layout_loops_ring, basic_altar
D:3:      layout_rooms, lemuel_crystal_altar, nicolae_underground_beach
D:4:      layout_cave_pods, kennysheep_mini_moat, elyvilon_altar_4,
          nicolae_ashenzari_panopticon, old_standard_altar
D:5:      layout_basic, minmay_misc_feat_doors
D:6:      layout_loops_ring, portal_sewer_entry_e,
          hellmonk_ghost_happy_afterlife, uniq_pikel
D:7:      layout_loops_ring, grunt_dithmenos_smoke_and_mirrors,
          minmay_temple_entry_gardened_gates, kennysheep_generic_room_12

Skill      XL: |  1  2  3  4  5  6  7  8  9 |
---------------+----------------------------+-----
Fighting       | 4 5 6 7 |  7.0
Armour         | 4 5 6 7 |  7.4
Shields        | 4 5 7 |  7.4
Dodging        | 1 2 3 |  3.3
Axes           | 3 4 5 6 7 9 10 | 10.2
Stealth        | 1 |  1.2

Action                   |  1- 3 |  4- 6 |  7- 9 || total
-------------------------+-------+-------+-------++-------
Melee: War axe           |    78 |       |       ||    78
       Headbutt          |    11 |     5 |    23 ||    39
       Broad axe         |     2 |    53 |   125 ||   180
  Use: Scroll            |     4 |     9 |     6 ||    19
       Potion            |       |       |     1 ||     1
Armor: Scale mail        |    66 |    19 |    13 ||    98
       Plate armour      |       |       |    37 ||    37
Dodge: Dodged            |    41 |    25 |    21 ||    87
Block: Kite shield       |    59 |    36 |    79 ||   174

Table legend: (Time is in decaauts)
 A = Elapsed time spent in this place.
 B = Non-inter-level travel time spent in this place.
 C = Inter-level travel time spent in this place.
 D = Time resting spent in this place.
 E = Time spent auto-exploring this place.
 F = Levels seen in this place.
 G = Mean time per level.
                   A        B        C        D        E       F      G
               +--------+--------+--------+--------+--------+-----+--------+
         Total |   6270 |   6226 |     44 |   1237 |   3328 |   7 |  895.7 |
       Dungeon |   6270 |   6226 |     44 |   1237 |   3328 |   7 |  895.7 |
               +--------+--------+--------+--------+--------+-----+--------+

Top non-repeatable levels by time:
     D:4: 1375 daAuts
     D:6: 1290 daAuts
     D:5: 968 daAuts
     D:1: 905 daAuts
     D:2: 897 daAuts
     D:3: 508 daAuts
     D:7: 324 daAuts
